 Dungeon Sprint DCSS version 0.20.1-1-g8b1a95d (webtiles) character file.

1478 OdinFK the Carver (level 8, -1/82 HPs)
             Began as a Minotaur Berserker on Oct 22, 2017.
             Was an Elder of Trog.
             Killed by drain life
             ... invoked by a soul eater
             ... summoned by a kobold demonologist
              (15 damage)
             ... in the Dungeon (Sprint I: "Red Sonja").
             The game lasted 00:04:35 (1547 turns).

OdinFK the Carver (Minotaur Berserker)              Turns: 1547, Time: 00:04:36

Health: -1/82      AC:  5    Str: 24      XL:     8   Next: 50%
Magic:  7/7        EV: 13    Int:  4      God:    Trog [****..]
Gold:   840        SH:  0    Dex:  8 (10) Spells: 7/7 levels left

rFire    . . .     SeeInvis .   a - +0 falchion
rCold    . . .     Gourm    .   (no shield)
rNeg     . . .     Faith    .   e - +0 troll leather armour
rPois    .         Spirit   .   (helmet restricted)
rElec    .         Reflect  .   (no cloak)
rCorr    .         Harm     .   (no gloves)
MR       .....     NoTele   +   (no boots)
Stlth    +.........             (no amulet)
Regen    0.7/turn               (no ring)
MPRegen  0.1/turn               (no ring)

@: berserk cooldown, slowed, drained, very slow
A: retaliatory headbutt, horns 2
a: Berserk, Trog's Hand, Brothers in Arms, Burn Spellbooks, Renounce Religion


You were in the Dungeon.
You worshipped Trog.
Trog was greatly pleased with you.
You were hungry.

You visited 1 branch You collected 840 gold pieces.

Inventory:

Hand Weapons
 a - a +0 falchion (weapon)
Armour
 b - a +0 animal skin
 e - a +0 troll leather armour (worn)
 k - a +0 scale mail of poison resistance
Wands
 j - a wand of polymorph (8/24)
Scrolls
 i - a scroll of blinking
 m - a scroll of identify {unknown}
Potions
 d - 3 potions of curing
 f - a potion of haste
 g - 2 potions of magic
 h - a potion of berserk rage
Comestibles
 c - a bread ration
 l - 3 chunks of flesh


   Skills:
 + Level 11.5(10.5) Fighting
 + Level 13.1(12.0) Long Blades
 + Level 11.8(10.8) Armour
 + Level 6.3(5.4) Dodging
 + Level 6.1(5.2) Unarmed Combat


You had 7 spell levels left.
You didn't know any spells.

Dungeon Overview and Level Annotations

Branches:
Dungeon (1/1)

Altars:
Cheibriados
Dithmenos
Elyvilon
Fedhas
Gozag
Hepliaklqana
Kikubaaqudgha
Makhleb
Nemelex Xobeh
Okawaru
Qazlal
Ru
Sif Muna
Trog
Uskayaw
Vehumet
Xom
Yredelemnul
Zin
The Shining One
Jiyva
Lugonu

Shops:
D %%

Annotations:
D Sonja


Innate Abilities, Weirdness & Mutations

You reflexively headbutt those who attack you in melee.
You have a pair of horns on your head.


Message History

The kobold demonologist barely misses you.
You furiously retaliate!
You headbutt the kobold demonologist! You miss the kobold demonologist.
The kobold demonologist is almost dead.
The soul eater hits you!
You feel drained.
* * * LOW HITPOINT WARNING * * *
The neqoxec hits you but does no damage.
The kobold demonologist hits you with a dagger.
* * * LOW HITPOINT WARNING * * *
You closely miss the kobold demonologist.
The kobold demonologist is almost dead.
The soul eater hits you.
* * * LOW HITPOINT WARNING * * *
The neqoxec misses you. You furiously retaliate!
You headbutt the neqoxec.
The kobold demonologist hits you with a dagger.
* * * LOW HITPOINT WARNING * * *
You closely miss the kobold demonologist.
The kobold demonologist is almost dead.
The soul eater draws from the surrounding life force!
You die...

####################
)..#..'..#__#..3@K.#
#..').#..'..'..#.3.#
##'#####'#__####...+
#..#...#.#### #####
####..##.#
___##'#..+
∩...'((._#
.__##_(#'#
___###(#.#


You could see a soul eater, a kobold demonologist and a neqoxec.

Vanquished Creatures
  A deep troll (D)
  A kobold demonologist (D)
  A slime creature (D)
  Sigmund (D)
  A yak (D)
  A floating eye (D)
  An ogre (D)
  A jelly (D)
  Ijyb (D)
  2 ballistomycetes (D)
11 creatures vanquished.

Vanquished Creatures (others)
  A gargoyle (D)
  2 ballistomycete spores (D)
3 creatures vanquished.

Grand Total: 14 creatures vanquished

Notes
Turn   | Place    | Note
-------+----------+-------------------------------------------
     0 | D        | OdinFK the Minotaur Berserker began the quest for the Orb.
     0 | D        | Reached XP level 1. HP: 19/19 MP: 0/0
     1 | D        | Noticed Ijyb
    31 | D        | Killed Ijyb
    31 | D        | Reached skill level 5 in Fighting
    31 | D        | Reached skill level 5 in Long Blades
    31 | D        | Reached skill level 1 in Unarmed Combat
    31 | D        | Reached XP level 2. HP: 21/29 MP: 1/1
   119 | D        | Noticed an ogre
   122 | D        | Killed an ogre
   122 | D        | Reached skill level 7 in Long Blades
   122 | D        | Reached XP level 3. HP: 16/39 MP: 2/2
   122 | D        | Reached XP level 4. HP: 20/47 MP: 3/3
   341 | D        | Noticed Sigmund
   358 | D        | Killed Sigmund
   358 | D        | Reached ** piety under Trog
   358 | D        | Reached skill level 9 in Long Blades
   358 | D        | Reached skill level 5 in Armour
   358 | D        | Reached XP level 5. HP: 31/57 MP: 4/4
   374 | D        | Killed a gargoyle
   546 | D        | Found a deep blue altar of Sif Muna.
   548 | D        | Found a radiant altar of Vehumet.
   550 | D        | Reached XP level 6. HP: 58/63 MP: 5/5
   584 | D        | Found a viscous altar of Jiyva.
   584 | D        | Found a corrupted altar of Lugonu.
   584 | D        | Noticed a slime creature
   594 | D        | Killed a slime creature
   594 | D        | Reached skill level 10 in Fighting
   594 | D        | Reached skill level 11 in Long Blades
   595 | D        | Found a burning altar of Makhleb.
   595 | D        | Found a shimmering altar of Xom.
   768 | D        | Found Nasodo's Food Emporium.
   768 | D        | Found an ancient bone altar of Kikubaaqudgha.
   768 | D        | Found a hazy altar of Hepliaklqana.
   768 | D        | Found a stormy altar of Qazlal.
   768 | D        | Found a hide-covered altar of Uskayaw.
   768 | D        | Found a blossoming altar of Fedhas.
   768 | D        | Found a bloodstained altar of Trog.
   768 | D        | Found an iron altar of Okawaru.
   768 | D        | Found a basalt altar of Yredelemnul.
   768 | D        | Found a glowing golden altar of the Shining One.
   768 | D        | Found a snail-covered altar of Cheibriados.
   768 | D        | Found a sacrificial altar of Ru.
   768 | D        | Found a glowing silver altar of Zin.
   768 | D        | Found a shadowy altar of Dithmenos.
   768 | D        | Found a white marble altar of Elyvilon.
   768 | D        | Noticed a yak
   775 | D        | Killed a yak
   775 | D        | Reached *** piety under Trog
   775 | D        | Reached skill level 5 in Dodging
   775 | D        | Reached XP level 7. HP: 32/73 MP: 6/6
   776 | D        | Found an opulent altar of Gozag.
   777 | D        | Found a sparkling altar of Nemelex Xobeh.
   969 | D        | Noticed Sonja
  1348 | D        | Found Baylauwa's Food Boutique.
  1371 | D        | Noticed a deep troll
  1380 | D        | Killed a deep troll
  1380 | D        | Reached skill level 12 in Long Blades
  1380 | D        | Reached skill level 10 in Armour
  1380 | D        | Reached skill level 5 in Unarmed Combat
  1380 | D        | Reached XP level 8. HP: 22/82 MP: 7/7
  1516 | D        | Noticed a kobold demonologist
  1517 | D        | Noticed an ice devil
  1518 | D        | Noticed a kobold demonologist
  1518 | D        | Paralysed by a floating eye for 4 turns
  1524 | D        | Reached **** piety under Trog
  1536 | D        | Killed a kobold demonologist
  1536 | D        | Reached skill level 13 in Long Blades
  1542 | D        | Noticed a soul eater
  1547 | D        | Killed from afar by a soul eater

Skill      XL: |  1  2  3  4  5  6  7  8 |
---------------+-------------------------+-----
Fighting       | 5 7 9 10 11 | 11.5
Long Blades    | 5 7 9 11 12 13 | 13.1
Unarmed Combat | 1 2 3 4 5 6 |  6.1
Armour         | 4 5 6 8 10 11 | 11.8
Dodging        | 3 4 5 6 |  6.3

Action                   |  1- 3 |  4- 6 |  7- 9 || total
-------------------------+-------+-------+-------++-------
Melee: Unarmed           |    23 |       |       ||    23
       Falchion          |     5 |    24 |    46 ||    75
       Headbutt          |     2 |    13 |    13 ||    28
Invok: Berserk           |     1 |     1 |     3 ||     5
       Burn Spellbooks   |       |       |     1 ||     1
       Trog's Hand       |       |       |     1 ||     1
  Use: Potion            |       |       |     1 ||     1
  Eat: Chunk             |       |     1 |     1 ||     2
       Bread ration      |       |       |     1 ||     1
Armor: Skin              |     1 |       |       ||     1
       Scale mail        |       |     3 |    13 ||    16
       Troll leather arm |       |       |    20 ||    20
Dodge: Dodged            |    14 |     7 |    53 ||    74
       Rpst.: Falchion   |     2 |     3 |     7 ||    12
